[Event "Late-Titled-Tuesday-Blitz-February-13-2024"]
[Site "Chess.com"]
[Date "2024.02.13"]
[Round "6"]
[White "Slovak_fighter2000"]
[Black "hmatyi07"]
[Result "0-1"]
[WhiteElo "2483"]
[BlackElo "2270"]
[TimeControl "180+1"]
[EndTime "15:05:41 PST"]
[Termination "hmatyi07 won on time"]

1. e4 c6 2. d4 d5 3. exd5 cxd5 4. c4 Nf6 5. Nc3 g6 6. cxd5 Bg7 7. Qb3 O-O 8. Nf3 Na6 9. Bxa6 bxa6 10. O-O a5 11. Bf4 a4 12. Qxa4 Nxd5 13. Be5 Bb7 14. Bxg7 Kxg7 15. Qb3 Rb8 16. Ne5 Nf4 17. f3 Qxd4+ 18.
Kh1 Qxe5 19. Rae1 Qg5 20. Qc2 Rfd8 21. Qf2 Nd3 0-1

[Event "Late-Titled-Tuesday-Blitz-February-13-2024"]
[Site "Chess.com"]
[Date "2024.02.13"]
[Round "6"]
[White "Konavets"]
[Black "MessiKingdom"]
[Result "1-0"]
[WhiteElo "3012"]
[BlackElo "2629"]
[TimeControl "180+1"]
[EndTime "15:05:43 PST"]
[Termination "Konavets won on time"]

1. e4 c6 2. d4 d5 3. Nc3 dxe4 4. Nxe4 Nf6 5. Ng5 h6 6. Nxf7 Kxf7 7. Nf3 Bf5 8. Bc4+ e6 9. Ne5+ Ke8 10. g4 Be4 11. O-O Nbd7 12. Bxe6 Nxe5 13. dxe5 Qxd1 14. Rxd1 Nd5 15. c4 Nb6 16. b3 Rd8 17. Rxd8+ Kxd8 18. Be3 Kc7 19. f3 Bg6 20. f4 Be4 21. f5 Ba3 22. Re1 Bf3 23. h3 h5 24. g5 h4 25.
Kf2 Bh5 26. g6 Nd7 27. Bf7 Rf8 28. Bf4 Kc8 29. e6 Nf6 30. e7 Rh8 31. e8=Q+ Nxe8 32.
Bxe8 Rf8 33. Bf7 Rxf7 34. gxf7 Bxf7 35. Be5 g6 36. f6 Bc5+ 37. Kf3 Be6 38. Bd4 1-0

[Event "Late-Titled-Tuesday-Blitz-February-13-2024"]
[Site "Chess.com"]
[Date "2024.02.13"]
[Round "6"]
[White "Eloist"]
[Black "ChessSwole"]
[Result "0-1"]
[WhiteElo "2435"]
[BlackElo "2675"]
[TimeControl "180+1"]
[EndTime "15:05:43 PST"]
[Termination "ChessSwole won by resignation"]

1. e4 Nf6 2. e5 Nd5 3. d4 d6 4. Nf3 dxe5 5. Nxe5 c6 6. c4 Nb4 7. Na3 Bf5 8. Be2 Nd7 9. Bf4 e6 10. g4 Nxe5 11. gxf5 Ned3+ 12. Bxd3 Qxd4 13. Be3 Nxd3+ 14. Ke2 Qxb2+ 15. Nc2 O-O-O 16. Kf1 Nxf2 17. Qe2 Nxh1 18. Kg2 exf5 19. Rxh1 Bd6 20. Bd4 Qxa2 21. Ra1 Rhe8 22. Qf2 Qxc4 23. Rxa7 Re2 24. Ra8+ Bb8 0-1

[Event "Late-Titled-Tuesday-Blitz-February-13-2024"]
[Site "Chess.com"]
[Date "2024.02.13"]
[Round "6"]
[White "Semetey"]
[Black "Binary010"]
[Result "0-1"]
[WhiteElo "2619"]
[BlackElo "2877"]
[TimeControl "180+1"]
[EndTime "15:05:44 PST"]
[Termination "Binary010 won on time"]

1. e4 c5 2. Nf3 d6 3. Bc4 Nf6 4.
Nc3 e6 5. O-O a6 6. a4 Be7 7. d4 cxd4 8. Nxd4 O-O 9. Bb3 Nc6 10. Be3 Bd7 11. h3 Rc8 12. f4 Qa5 13.
Qf3 Nxd4 14. Bxd4 e5 15. Be3 Rxc3 16. bxc3 Bc6 17. fxe5 dxe5 18. Bg5 Bxe4 19. Qg3 Bg6 20. Rae1 e4 21. Kh1 Nh5 22. Qg4 Qxg5 0-1

[Event "Late-Titled-Tuesday-Blitz-February-13-2024"]
[Site "Chess.com"]
[Date "2024.02.13"]
[Round "6"]
[White "Doomfist26"]
[Black "mitrabhaa"]
[Result "1-0"]
[WhiteElo "2656"]
[BlackElo "2883"]
[TimeControl "180+1"]
[EndTime "15:05:45 PST"]
[Termination "Doomfist26 won by resignation"]

1. e4 c6 2. Nc3 d5 3. Qf3 d4 4. Bc4 e6 5. Nce2 c5 6. d3 Nc6 7.
Bf4 Bd6 8. Qg3 Bxf4 9. Nxf4 Qf6 10. Nf3 h5 11. h4 Nge7 12. O-O-O Bd7 13. Kb1 Ne5 14.
Nxe6 Nxf3 15. Nc7+ Kd8 16. gxf3 Rc8 17. Nd5 Nxd5 18. Bxd5 Bc6 19. Rhg1 Bxd5 20. exd5 g6 21. Rde1 Kd7 22. Re4 Rhe8 23. Rge1 Qf5 24. Rxe8 Rxe8 25. Rxe8 Kxe8 26. Qb8+ Ke7 27. d6+ Ke6 28. Qc7 Qxf3 29. Qe7+ Kd5 30. Qxb7+ 1-0

[Event "Late-Titled-Tuesday-Blitz-February-13-2024"]
[Site "Chess.com"]
[Date "2024.02.13"]
[Round "6"]
[White "Attacker_2006"]
[Black "InadaC"]
[Result "0-1"]
[WhiteElo "2454"]
[BlackElo "2253"]
[TimeControl "180+1"]
[EndTime "15:05:46 PST"]
[Termination "InadaC won by resignation"]

1. e4 e6 2. Nf3 d5 3. exd5 exd5 4. d4 Nf6 5. h3 c6 6. Bd3 Bd6 7. O-O O-O 8. c3 Nbd7 9. Qc2 Qc7 10. Re1 h6 11.
Nbd2 b6 12. Nf1 Bb7 13. Be3 Rfe8 14. Rac1 Bf4 15. Bf5 Bxe3 16. Nxe3 Qf4 17. Bxd7 Nxd7 18. Nf5 Nf6 19. Ng3 Ne4 20. Nxe4 dxe4 21. Ne5 f6 22.
Qb3+ Kh7 23. Qf7 fxe5 24. Qxb7 exd4 25. Qxc6 dxc3 26. Rxc3 Rf8 27. Qxe4+ Qxe4 28. Rxe4 Rad8 29. g3 Rd2 30. Rc7 Rdxf2 31. Rf4 R8xf4 32. gxf4 Rxb2 33. a4 Kg6 34. a5 bxa5 35. Rxa7 Ra2 36. Ra6+ Kf5 37.
Ra7 g6 38. Ra6 a4 39. Kh1 a3 40. Kg1 h5 41. h4 Kxf4 42. Rxg6 Rb2 43. Rg5 a2 44. Ra5 Rb1+ 0-1

[Event "Late-Titled-Tuesday-Blitz-February-13-2024"]
[Site "Chess.com"]
[Date "2024.02.13"]
[Round "6"]
[White "Zq1"]
[Black "waltereador"]
[Result "1-0"]
[WhiteElo "2501"]
[BlackElo "2285"]
[TimeControl "180+1"]
[EndTime "15:05:49 PST"]
[Termination "Zq1 won by resignation"]

1. d4 e5 2. dxe5 Nc6 3. Nf3 Qe7 4. Bf4 d6 5. exd6 Qf6 6. Qc1 Bxd6 7. Bxd6 Qxd6 8. e3 Nf6 9. Be2 Bd7 10. O-O O-O-O 11. Nbd2 h5 12. Nc4 Qe7 13. c3 Ng4 14. b4 Be6 15. Qa3 Kb8 16. b5 Bxc4 17. Qxe7 Nxe7 18. Bxc4 f6 19. h3 Ne5 20. Nxe5 fxe5 21. Rfd1 h4 22. Kf1 Nf5 23. Rxd8+ Rxd8 24. Ke2 Nd6 25. Bb3 Nxb5 26. Rc1 Nd6 27. Rd1 c5 28. Rd5 b6 29. c4 Nf7 30. Rxd8+ Nxd8 31. Kf3 Kc7 32. Kg4 Kd6 33. Kxh4 Nf7 34. Kh5 Ke7 35. Kg6 Kf8 36. g4 e4 37. Kf5 Ke7 38. h4 Nd6+ 39. Ke5 g6 40. a4 a6 41. Kd5 Kd7 42. Bc2 b5 43. axb5 axb5 44. cxb5 Kc7 45. Kxc5 Nb7+ 46. Kd5 Kb6 47. Bxe4 Kxb5 48. Bxg6 1-0

[Event "Late-Titled-Tuesday-Blitz-February-13-2024"]
[Site "Chess.com"]
[Date "2024.02.13"]
[Round "6"]
[White "FMJoseHerrera"]
[Black "DeArron_Fox"]
[Result "1-0"]
[WhiteElo "2709"]
[BlackElo "2524"]
[TimeControl "180+1"]
[EndTime "15:05:52 PST"]
[Termination "FMJoseHerrera won by resignation"]

1. Nf3 d5 2. g3 Nf6 3. Bg2 e6 4. d3 Be7 5. O-O O-O 6. c4 b6 7. cxd5 Nxd5 8. Nc3 Bb7 9. Bd2 Nd7 10. Rc1 c5 11.
Qc2 Rc8 12. Qb1 N7f6 13. Rfd1 Qc7 14. e4 Nb4 15. Bf4 Qd8 16. d4 c4 17. Ne1 Ba6 18.
d5 exd5 19. exd5 Nd3 20. Nxd3 cxd3 21. Rxd3 Bxd3 22. Qxd3 Bd6 23. Bg5 h6 24. Be3 Bc5 25. Bf4 Ng4 26. Rf1 Re8 27. Bh3 Ne5 28. Qf5 g6 29.
Qxc8 Nf3+ 30. Kg2 Ne1+ 31. Rxe1 Qxc8 32. Bxc8 Rxe1 33. d6 Rc1 1-0

[Event "Late-Titled-Tuesday-Blitz-February-13-2024"]
[Site "Chess.com"]
[Date "2024.02.13"]
[Round "6"]
[White "LastHeroJr"]
[Black "Mikhail_Golubev"]
[Result "0-1"]
[WhiteElo "2495"]
[BlackElo "2689"]
[TimeControl "180+1"]
[EndTime "15:05:52 PST"]
[Termination "Mikhail_Golubev won by checkmate"]

1. e4 c5 2. Nc3 g6 3. g3 Bg7 4.
Bg2 Nc6 5. d3 e6 6. f4 Nge7 7.
Nf3 d5 8. e5 Nf5 9. O-O h5 10.
Ne2 d4 11. Ng5 Nce7 12. Ne4 Nd5 13. Re1 Nfe3 14. Bxe3 Nxe3 15. Qd2 Nxg2 16. Kxg2 O-O 17. Nxc5 b6 18. Ne4 Bb7 19. Ng1 Rc8 20. Nf3 Qd5 21.
Re2 Rc7 22. c4 dxc3 23. bxc3 Rd8 24. Rd1 Kh8 25. c4 Qc6 26. Qe3 Bf8 27. Nfg5 Kg7 28. Qf3 Be7 29. Nh3 Qa4 30. Rdd2 Bb4 31. Rc2 Rcd7 32.
Nhf2 Qa3 33. g4 Rxd3 34. Nxd3 Rxd3 35. Qf2 hxg4 36. Qh4 Re3 37. Qf6+ Kg8 38. Qd8+ Bf8 39. Qd4 Rxe2+ 40. Rxe2 Qf3+ 41. Kg1 Qxe2 42. Nf6+ Kh8 43.
Qd8 Qg2# 0-1

[Event "Late-Titled-Tuesday-Blitz-February-13-2024"]
[Site "Chess.com"]
[Date "2024.02.13"]
[Round "6"]
[White "Qingdom"]
[Black "romulocardoso"]
[Result "1-0"]
[WhiteElo "2196"]
[BlackElo "2343"]
[TimeControl "180+1"]
[EndTime "15:05:57 PST"]
[Termination "Qingdom won on time"]

1. d4 Nf6 2. Bg5 e6 3. e4 d5 4. e5 h6 5. Be3 Nfd7 6. f4 c5 7. c3 Nc6 8. Nf3 cxd4 9. cxd4 Bb4+ 10. Kf2 O-O 11. a3 Ba5 12. b4 Bb6 13. Nbd2 f6 14.
Nb3 fxe5 15. fxe5 Ndxe5 16. dxe5 Nxe5 17. Bxb6 Qxb6+ 18. Ke1 Qe3+ 19. Be2 Nxf3+ 20. gxf3 Rxf3 21. Rb1 Qf2+ 22. Kd2 Qe3+ 23. Ke1 Bd7 24. Qd2 Qf2+ 25. Kd1 Rf7 26. Re1 Ba4 27. Bh5 Qxd2+ 28. Kxd2 Rf5 29. Bg4 Rf2+ 30. Re2 Rxe2+ 31. Kxe2 Bxb3 32. Rxb3 Kf7 33. Rf3+ Ke7 34. Re3 Rd8 35. Rxe6+ Kf7 36. Kd3 a5 37. Kd4 axb4 38. axb4 Rc8 39. Kxd5 Rc2 40. h3 Rd2+ 41. Kc4 Rc2+ 42. Kb5 Rg2 43. Re2 Rg3 44. Kb6 Rb3 45. b5 g6 46. Be6+ 1-0

[Event "Late-Titled-Tuesday-Blitz-February-13-2024"]
[Site "Chess.com"]
[Date "2024.02.13"]
[Round "6"]
[White "MikeSailer"]
[Black "terrortoast"]
[Result "0-1"]
[WhiteElo "2208"]
[BlackElo "2470"]
[TimeControl "180+1"]
[EndTime "15:05:58 PST"]
[Termination "terrortoast won by resignation"]

1. d4 Nf6 2. Nf3 e6 3. Bf4 b6 4. e3 Bb7 5. Be2 Be7 6. O-O O-O 7. h3 c5 8. c3 Nc6 9. a4 Na5 10. Nbd2 d6 11. b4 cxb4 12. cxb4 Nc6 13. Qb3 a5 14. b5 Nb4 15. Nc4 Rc8 16. Rfc1 h6 17. Ne1 Bd5 18. f3 Nh5 19. Bh2 Bh4 20.
Qd1 Ng3 21. Bxg3 Bxg3 22. e4 Bxc4 23. Rxc4 Rxc4 24. Bxc4 d5 25. Bb3 dxe4 26. fxe4 Bxe1 27. Qxe1 Qxd4+ 28. Kh1 Nd3 29. Qe2 Qxa1+ 30. Kh2 Qe5+ 0-1

[Event "Late-Titled-Tuesday-Blitz-February-13-2024"]
[Site "Chess.com"]
[Date "2024.02.13"]
[Round "6"]
[White "IraZyne"]
[Black "lluiss"]
[Result "1/2-1/2"]
[WhiteElo "2336"]
[BlackElo "2161"]
[TimeControl "180+1"]
[EndTime "15:06:01 PST"]
[Termination "Game drawn by repetition"]

1. e4 e6 2. d4 d5 3. exd5 exd5 4.
Nf3 Bd6 5. c4 c6 6. Nc3 Ne7 7. Bg5 f6 8. Bh4 O-O 9. Be2 Ng6 10. Bg3 Nf4 11. c5 Bc7 12. O-O Nxe2+ 13. Qxe2 Bg4 14. Bxc7 Qxc7 15. b4 Nd7 16. h3 Bh5 17.
Rfe1 Rfe8 18. Qd3 Bg6 19. Qd2 Nf8 20. a4 Ne6 21. b5 Nf4 22. Re3 Rxe3 23. fxe3 Nh5 24.
a5 a6 25. b6 Qe7 26. Qf2 Re8 27. Re1 Be4 28. g4 Qf7 29. Nxe4 Rxe4 30. Nd2 Re8 31. gxh5 Qxh5 32. Qf3 Qg5+ 33. Kh1 Qg6 34. e4 Qh6 35. Re2 dxe4 36. Nxe4 Qc1+ 37. Kh2 Kh8 38. Nd6 Rxe2+ 39. Qxe2 Qf4+ 40. Kg2 h6 41. Nxb7 Qg5+ 42. Kh2 Qf4+ 43. Kg2 Qg5+ 44. Kf2 Qf4+ 45. Kg2 1/2-1/2

[Event "Late-Titled-Tuesday-Blitz-February-13-2024"]
[Site "Chess.com"]
[Date "2024.02.13"]
[Round "6"]
[White "tteshan"]
[Black "claudyna16"]
[Result "1-0"]
[WhiteElo "2635"]
[BlackElo "2425"]
[TimeControl "180+1"]
[EndTime "15:06:03 PST"]
[Termination "tteshan won by resignation"]

1. Nf3 Nf6 2. g3 g6 3. Bg2 Bg7 4. O-O O-O 5. d4 d6 6. Re1 Nbd7 7. e4 e5 8. c3 c6 9. h3 Qc7 10. Qc2 Rd8 11. Be3 h6 12. Nbd2 b5 13. a4 a5 14. dxe5 dxe5 15. Bf1 Ba6 16. axb5 cxb5 17. Qb3 Nc5 18. Bxc5 Qxc5 19. Rxa5 Qc7 20. Rea1 Bb7 21.
Rxa8 Rxa8 22. Rxa8+ Bxa8 23. Qxb5 Kh7 24. Qc4 Qe7 25. b4 Nd7 26. Qc8 Nb6 27. Qb8 Bb7 28. c4 f5 29. c5 fxe4 30. Nh4 e3 31. fxe3 Qg5 32. Qxb7 Qxe3+ 33. Kh1 Qxd2 34. Qxb6 Qf2 35. Qxg6+ Kh8 36. Qe8+ Kh7 37. Bd3+ 1-0

[Event "Late-Titled-Tuesday-Blitz-February-13-2024"]
[Site "Chess.com"]
[Date "2024.02.13"]
[Round "6"]
[White "Quattroporte300"]
[Black "albi1999"]
[Result "1-0"]
[WhiteElo "2425"]
[BlackElo "2574"]
[TimeControl "180+1"]
[EndTime "15:06:03 PST"]
[Termination "Quattroporte300 won by resignation"]

1. e4 c5 2. Nf3 a6 3. c3 d5 4.
exd5 Qxd5 5. d4 e6 6. Be3 Nf6 7. Be2 b6 8. O-O Bb7 9. dxc5 Bxc5 10. Qxd5 Nxd5 11. Bxc5 bxc5 12. Nbd2 Nf4 13. Bc4 Nd7 14. Rfe1 Ke7 15. Rad1 Rhd8 16. Ne4 Nb6 17. Rxd8 Rxd8 18. Bf1 Na4 19. b3 Bxe4 20. Rxe4 Nxc3 21. Rxf4 Rd1 22.
g3 Ne2+ 23. Kg2 Nxf4+ 24. gxf4 Ra1 25. a4 Rb1 26. Bc4 f6 27. Nd2 Rd1 28. Ne4 Rd4 29. Kf3 g5 30. fxg5 f5 31. Nxc5 e5 32. Nxa6 Rh4 33.
Nb4 Kd6 34. a5 e4+ 35. Ke2 Rxh2 36. a6 Rh1 37. a7 Ra1 38. Na6 1-0

[Event "Late-Titled-Tuesday-Blitz-February-13-2024"]
[Site "Chess.com"]
[Date "2024.02.13"]
[Round "6"]
[White "chegueps"]
[Black "sergiochess83"]
[Result "0-1"]
[WhiteElo "2676"]
[BlackElo "2846"]
[TimeControl "180+1"]
[EndTime "15:06:06 PST"]
[Termination "sergiochess83 won by resignation"]

1. e4 e6 2. d4 d5 3. Nc3 Nf6 4. Bg5 h6 5. Bxf6 Qxf6 6. a3 Qd8 7.
Nf3 dxe4 8. Nxe4 Nd7 9. Bd3 Be7 10. Qe2 O-O 11. O-O-O c5 12. dxc5 Qc7 13. h4 b6 14. c6 Qxc6 15. Nd4 Qc7 16. Kb1 Ne5 17. Nb5 Qc6 18. Nd4 Qc7 19. Nb5 Qd7 20. Nbc3 Nxd3 21. Rxd3 Qc6 22. Rg3 f5 23. Nd2 Bf6 24. Nc4 Ba6 25.
Ne5 Qxc3 26. Qxa6 Qxe5 0-1

[Event "Late-Titled-Tuesday-Blitz-February-13-2024"]
[Site "Chess.com"]
[Date "2024.02.13"]
[Round "6"]
[White "Beca95"]
[Black "Sl4werThanYou"]
[Result "0-1"]
[WhiteElo "2883"]
[BlackElo "2678"]
[TimeControl "180+1"]
[EndTime "15:06:09 PST"]
[Termination "Sl4werThanYou won by resignation"]

1. Nf3 Nf6 2. c4 c5 3. Nc3 Nc6 4. d4 cxd4 5. Nxd4 e6 6. g3 Qb6 7.
Ndb5 Ne5 8. Bf4 Bc5 9. e3 d6 10. a3 Qc6 11. b4 O-O 12. bxc5 Qxh1 13. Qxd6 Nf3+ 14. Ke2 e5 15. Bxe5 Nxe5 16. Qxe5 Bg4+ 17. Kd2 Qxh2 18. Qf4 Rad8+ 19. Nd4 Qh5 20. Bd3 h6 21. Qc7 Qg5 22. Rh1 Rxd4 23. f4 Rxd3+ 24. Kxd3 Qg6+ 25. e4 Bf3 26. f5 Qg4 27. Qf4 Qxf4 28. gxf4 Bxh1 0-1

[Event "Late-Titled-Tuesday-Blitz-February-13-2024"]
[Site "Chess.com"]
[Date "2024.02.13"]
[Round "6"]
[White "h4parah5"]
[Black "Sokoloco"]
[Result "1-0"]
[WhiteElo "2971"]
[BlackElo "2800"]
[TimeControl "180+1"]
[EndTime "15:06:11 PST"]
[Termination "h4parah5 won on time"]

1. e4 d6 2. d4 g6 3. Nc3 Bg7 4.
f4 Nf6 5. Bd3 Nc6 6. Nf3 Bg4 7.
Be2 Bxf3 8. Bxf3 e5 9. fxe5 dxe5 10. d5 Nd4 11. Be3 c5 12. O-O O-O 13. Ne2 Ne8 14.
c3 Nxf3+ 15. gxf3 b6 16. Kh1 Nd6 17. b3 f5 18. Qd3 Qh4 19. exf5 gxf5 20. Rg1 f4 21. Bd2 Kh8 22. c4 Bf6 23. Rg4 Qh3 24. Rag1 e4 25. Qc3 Qxf3+ 26. Qxf3 exf3 27. Nxf4 Ne4 28.
Ng6+ hxg6 29. Rxe4 Rae8 30. Rxe8 Rxe8 31. Rf1 Re2 32.
Rxf3 Be5 33. Re3 Rxh2+ 34. Kg1 Rxd2 35. Rxe5 Rxa2 36. d6 1-0

[Event "Late-Titled-Tuesday-Blitz-February-13-2024"]
[Site "Chess.com"]
[Date "2024.02.13"]
[Round "6"]
[White "DeTimmerman"]
[Black "GoldenShare"]
[Result "1/2-1/2"]
[WhiteElo "2722"]
[BlackElo "2555"]
[TimeControl "180+1"]
[EndTime "15:06:12 PST"]
[Termination "Game drawn by repetition"]

1. b4 d5 2. Bb2 Nf6 3. e3 c6 4. c4 g6 5. a4 Bg7 6. Nf3 O-O 7. b5 Bg4 8. Be2 dxc4 9. Bxc4 cxb5 10. axb5 Nbd7 11. O-O Nb6 12. Be2 Qd6 13. d4 Ne4 14.
Nbd2 Nxd2 15. Qxd2 Rfc8 16. Rfc1 Be6 17. Ba3 Rxc1+ 18. Qxc1 Qd7 19. Bc5 Nc8 20. Ne5 Qd8 21. Bf3 Nd6 22. h3 Rc8 23. Qe1 Bxe5 24. dxe5 Rxc5 25.
exd6 Qxd6 26. Rxa7 Rxb5 27. Rxb7 Rxb7 28. Bxb7 Kg7 29. Qa1+ f6 30. Bf3 Bd5 31. Be2 Bf7 32. h4 Qd2 33. Bf1 Qd5 34. Qa3 e5 35. Qe7 Qe6 36.
Qa7 Kh6 37. Bd3 Kg7 38. Be4 Kh6 39. Qb7 Kg7 40. Bc6 Kh6 41. Qc7 Kg7 42. Bf3 Qc4 43.
Qd8 Qxh4 44. Qd7 Qc4 45. g3 Qe6 46. Qb7 Qb3 47. Qd7 Qe6 48. Qb7 Qb3 49. Qd7 Qe6 1/2-1/2

[Event "Late-Titled-Tuesday-Blitz-February-13-2024"]
[Site "Chess.com"]
[Date "2024.02.13"]
[Round "6"]
[White "ChristopherYoo"]
[Black "LyonBeast"]
[Result "0-1"]
[WhiteElo "2973"]
[BlackElo "3185"]
[TimeControl "180+1"]
[EndTime "15:06:13 PST"]
[Termination "LyonBeast won on time"]

1. e4 c6 2. d3 d5 3. Nf3 dxe4 4. dxe4 Qxd1+ 5. Kxd1 g6 6. Nbd2 Bg7 7. c3 f5 8. Kc2 Nf6 9. Bd3 Na6 10. exf5 gxf5 11.
Bxa6 bxa6 12. Re1 Nd5 13. Nc4 O-O 14. Nce5 f4 15. Nxc6 Bf5+ 16. Kd1 e6 17. Nfd4 Rae8 18. Nxf5 Rxf5 19. Re4 e5 20. Bd2 Rc8 21. Rc4 Rc7 22.
Na5 Rd7 23. Ke2 Rg5 24. g3 Rh5 25. h4 f3+ 26. Kxf3 Nb6 27. Rg4 Rxd2 28. c4 e4+ 29. Rxe4 Rxa5 0-1

[Event "Late-Titled-Tuesday-Blitz-February-13-2024"]
[Site "Chess.com"]
[Date "2024.02.13"]
[Round "6"]
[White "mightysmasher"]
[Black "Smiechu"]
[Result "1-0"]
[WhiteElo "2554"]
[BlackElo "2426"]
[TimeControl "180+1"]
[EndTime "15:06:15 PST"]
[Termination "mightysmasher won by resignation"]

1. e4 c5 2. c3 g6 3. d4 cxd4 4. cxd4 d5 5. exd5 Nf6 6. Bb5+ Nbd7 7. Nc3 Bg7 8. Nf3 O-O 9. O-O Nb6 10. Re1 Nbxd5 11.
Bc4 Nb6 12. Bb3 e6 13. Bg5 Qd6 14. Bxf6 Bxf6 15. Ne4 Qd8 16. Nxf6+ Qxf6 17. Rc1 Bd7 18. Ne5 Rfd8 19. Rc7 Rab8 20. Ng4 Qf4 21. Ne5 Be8 22.
Qe2 Rxd4 23. g3 Qd2 24. Qxd2 Rxd2 25. Ng4 Rxb2 26. Nf6+ Kg7 27. Nxe8+ Rxe8 28. Rxb7 Nc4 29. Rxa7 Nd2 30. Rxe6 Rc8 31. Ree7 Nf3+ 32. Kg2 Ng5 33. h4 Rxb3 34. axb3 Ne6 35. Rxe6 1-0

[Event "Late-Titled-Tuesday-Blitz-February-13-2024"]
[Site "Chess.com"]
[Date "2024.02.13"]
[Round "6"]
[White "ural58"]
[Black "Mariia89"]
[Result "0-1"]
[WhiteElo "2505"]
[BlackElo "2263"]
[TimeControl "180+1"]
[EndTime "15:06:16 PST"]
[Termination "Mariia89 won by resignation"]

1. e4 c6 2. Nc3 d5 3. Nf3 dxe4 4. Nxe4 Nf6 5. Qe2 Nxe4 6. Qxe4 Qd6 7. Bc4 Qg6 8. Qf4 Qf5 9. d3 Qxf4 10. Bxf4 Nd7 11. O-O-O Nf6 12. Ne5 e6 13. Rhe1 Be7 14. g4 h6 15. h4 Nd7 16. Nxf7 Kxf7 17. Bxe6+ Kf8 18. h5 Nc5 19. Bxc8 Rxc8 20. d4 Nd7 21. d5 cxd5 22. Rxd5 Nf6 23. Rb5 b6 24. f3 Kf7 25. a4 Rc4 26. Bg3 Rxa4 27. b3 Ra1+ 28. Kb2 Rxe1 29. Bxe1 Bc5 30. Bc3 a6 0-1

[Event "Late-Titled-Tuesday-Blitz-February-13-2024"]
[Site "Chess.com"]
[Date "2024.02.13"]
[Round "6"]
[White "Malev212"]
[Black "noblerone"]
[Result "1-0"]
[WhiteElo "2678"]
[BlackElo "2462"]
[TimeControl "180+1"]
[EndTime "15:06:17 PST"]
[Termination "Malev212 won on time"]

1. e4 c5 2. Nf3 e6 3. d4 cxd4 4.
Nxd4 Qb6 5. Nb3 Qc7 6. Nc3 a6 7. Bd3 Nf6 8. Qe2 d6 9. Bd2 Be7 10. f4 Nbd7 11. g4 Nc5 12. g5 Nfd7 13. O-O-O b5 14.
Kb1 Bb7 15. a3 Nxd3 16. cxd3 Nc5 17. Nd4 Bc6 18. f5 e5 19. Nxc6 Qxc6 20. Nd5 Nb3 21. Be3 Rc8 22. h4 a5 23. g6 fxg6 24. fxg6 hxg6 25.
Qg4 Qc2+ 26. Ka2 b4 27. Rh2 bxa3 28. Rxc2 1-0

[Event "Late-Titled-Tuesday-Blitz-February-13-2024"]
[Site "Chess.com"]
[Date "2024.02.13"]
[Round "6"]
[White "boguszp"]
[Black "Vamostodorecto"]
[Result "0-1"]
[WhiteElo "2007"]
[BlackElo "2376"]
[TimeControl "180+1"]
[EndTime "15:06:19 PST"]
[Termination "Vamostodorecto won on time"]

1. d4 g6 2. Bf4 Bg7 3. Nc3 a6 4. e4 b5 5. a3 Bb7 6. Qd2 d6 7. O-O-O Nd7 8. Be2 c5 9. Nf3 Rc8 10. d5 Qa5 11. Nb1 b4 12. Rhe1 Nb6 13. e5 Nxd5 14.
exd6 Nxf4 15. d7+ Kd8 16. dxc8=Q+ Kxc8 17. Qxf4 Bh6 18. Ng5 Nf6 19. h4 bxa3 20. Nxa3 Bd5 21. Bf3 Bxf3 22. Qxf3 Kb8 23. Rxe7 Qb6 24. Rd6 Qb4 25.
c3 Qb3 0-1

[Event "Late-Titled-Tuesday-Blitz-February-13-2024"]
[Site "Chess.com"]
[Date "2024.02.13"]
[Round "6"]
[White "Kostukov_Alex"]
[Black "deribas12345"]
[Result "1-0"]
[WhiteElo "2322"]
[BlackElo "2629"]
[TimeControl "180+1"]
[EndTime "15:06:22 PST"]
[Termination "Kostukov_Alex won by resignation"]

1. g3 c5 2. Bg2 Nc6 3. c4 g6 4. Nf3 Bg7 5. O-O Nf6 6. d4 cxd4 7. Nxd4 Nxd4 8. Qxd4 O-O 9. c5 d6 10.
cxd6 Qxd6 11. Qxd6 exd6 12. Rd1 Bg4 13. Nc3 Rae8 14.
Kf1 Re6 15. Bxb7 Bh3+ 16. Bg2 Bxg2+ 17. Kxg2 Rb8 18. Rb1 Nd7 19. Bd2 Nc5 20. e3 Nd3 21.
b3 Rc8 22. Nb5 Rc2 23. Nxa7 Rf6 24. f4 Rf5 25. Kf3 Rh5 26. h4 d5 27. a4 Bc3 28. Bxc3 Rf2+ 29. Kg4 Nxf4 30. exf4 g5 31. fxg5 1-0

[Event "Late-Titled-Tuesday-Blitz-February-13-2024"]
[Site "Chess.com"]
[Date "2024.02.13"]
[Round "6"]
[White "Doublekk14"]
[Black "RantomOpening"]
[Result "0-1"]
[WhiteElo "2325"]
[BlackElo "2520"]
[TimeControl "180+1"]
[EndTime "15:06:22 PST"]
[Termination "RantomOpening won on time"]

1. c4 e6 2. e4 c6 3. d4 d5 4. exd5 cxd5 5. Nc3 Nf6 6. Nf3 Be7 7. Be2 dxc4 8. Bxc4 O-O 9. O-O b6 10. Ne5 Bb7 11.
Be3 Nc6 12. Bb5 Nxe5 13. dxe5 Nd5 14. Nxd5 Qxd5 15. Qxd5 Bxd5 16. Ba6 Rab8 17. b3 Bb7 18. Bxb7 Rxb7 19. Rfd1 Rc7 20. Rac1 Rfc8 21. Kf1 Kf8 22. Ke2 Ke8 23. Rxc7 Rxc7 24. Rc1 Rxc1 25. Bxc1 Kd7 26.
Kd3 Kc6 27. Ke4 Bc5 28. f4 Kb5 29. g4 Kb4 30. Bb2 a5 31. f5 a4 32. bxa4 Kxa4 33. h4 Be7 34. g5 g6 35. f6 Bb4 36. Bd4 b5 37. Bb2 Be1 38. Kd4 Bf2+ 39. Ke4 Bxh4 40.
Kf3 Bxg5 41. Ke4 h5 42. Kd4 h4 43. Kc5 h3 44. Kd6 h2 45. Ke7 h1=Q 46. Kxf7 Bf4 47.
Kg7 Qb7+ 48. f7 Bh6+ 49. Kxg6 Qe7 50. Bd4 Qg5+ 0-1

[Event "Late-Titled-Tuesday-Blitz-February-13-2024"]
[Site "Chess.com"]
[Date "2024.02.13"]
[Round "6"]
[White "Dedic8"]
[Black "Oleksandr_Bortnyk"]
[Result "0-1"]
[WhiteElo "2857"]
[BlackElo "3049"]
[TimeControl "180+1"]
[EndTime "15:06:23 PST"]
[Termination "Oleksandr_Bortnyk won by resignation"]

1. d4 Nf6 2. c4 b6 3. Nc3 Bb7 4. Qc2 g6 5. e4 d6 6. Nf3 Bg7 7. Be2 O-O 8. O-O c5 9. d5 Na6 10. Bf4 Nc7 11. Rad1 Nd7 12. Qd2 Re8 13. Qe3 e5 14.
dxe6 Nxe6 15. Bxd6 Nd4 16. Nxd4 cxd4 17. Rxd4 Bxd4 18.
Qxd4 Nc5 19. f3 Ne6 20. Qd2 Qf6 21. Rd1 Rad8 22. Qe3 Bc6 23. Rd2 Ng7 24. Bg3 Nf5 25. Qf4 g5 26. Qxf5 Qxf5 27. Rxd8 Qc5+ 28. Bf2 Qe5 29.
Rd1 h5 30. Bg3 Qc5+ 31. Bf2 Qb4 32. Bd4 Qxb2 33. Nd5 Qxe2 34. Nf6+ Kf8 35. Nh7+ Ke7 36. Bf6+ Ke6 0-1

[Event "Late-Titled-Tuesday-Blitz-February-13-2024"]
[Site "Chess.com"]
[Date "2024.02.13"]
[Round "6"]
[White "bocah_sakit"]
[Black "PepeCuenca"]
[Result "1-0"]
[WhiteElo "2486"]
[BlackElo "2673"]
[TimeControl "180+1"]
[EndTime "15:06:23 PST"]
[Termination "bocah_sakit won on time"]

1. e4 c5 2. Nf3 Nc6 3. Bb5 e5 4. O-O Bd6 5. c3 a6 6. Ba4 b5 7.
Bc2 Nge7 8. d4 cxd4 9. cxd4 Nxd4 10. Nxd4 exd4 11. Qxd4 Qc7 12. Qxg7 Bxh2+ 13. Kh1 Be5 14.
Qg5 Rg8 15. Qd2 Ng6 16. Nc3 Nf4 17. Nd5 Nxd5 18. exd5 d6 19. f4 Bf6 20. Qe2+ Kf8 21. f5 Bg5 22. f6 Bxc1 23. Raxc1 Bg4 24. Qe3 Qa7 25. Qh6+ Ke8 26. Rfe1+ Kd8 27. Bxh7 Rh8 28. Qg7 1-0

[Event "Late-Titled-Tuesday-Blitz-February-13-2024"]
[Site "Chess.com"]
[Date "2024.02.13"]
[Round "6"]
[White "GaiozNigalidze"]
[Black "trriinu"]
[Result "1-0"]
[WhiteElo "2655"]
[BlackElo "2249"]
[TimeControl "180+1"]
[EndTime "15:06:28 PST"]
[Termination "GaiozNigalidze won by resignation"]

1. e4 d5 2. e5 c5 3. Nf3 Nc6 4. Bb5 Bg4 5. h3 Bh5 6. d4 e6 7. c3 cxd4 8. cxd4 Bb4+ 9. Nc3 Ne7 10.
O-O O-O 11. g4 Bg6 12. Bg5 Qa5 13. a4 a6 14. Be2 Bxc3 15. bxc3 Qxc3 16. Bd2 Qb2 17.
Be3 Nb4 18. Rc1 Nec6 19. Qd2 Qa3 20. Ra1 Qb3 21. Rfc1 Nc2 22. Rab1 Qxa4 23. Bd1 N6b4 24. Nh4 Rac8 25. Nxg6 hxg6 26. Rxb4 Qxb4 27. Rxc2 Qb1 28. Rb2 Qe4 29. Rxb7 a5 30. f3 Qxe3+ 31. Qxe3 1-0